 Dungeon Crawl Stone Soup version 0.29.1-15-g9cfb28693d (webtiles) character file.

Game seed: 3009572854365655992

882 javelincjr the Magician (level 7, -1/54 HPs)
             Began as a Demonspawn Hedge Wizard on Apr 27, 2023.
             Killed from afar by Blork the orc (5 damage)
             ... with a magic dart
             ... on level 5 of the Dungeon.
             The game lasted 00:19:38 (5752 turns).

javelincjr the Magician (Demonspawn Hedge Wizard)   Turns: 5752, Time: 00:19:38

Health: -1/54      AC:  4    Str: 10    XL:     7   Next: 76%
Magic:  9/13       EV: 13    Int: 18    God:
Gold:   201        SH:  4    Dex: 18    Spells: 9/14 levels left

rFire   . . .      SeeInvis .   t - +1 dagger (flame)
rCold   . . .      Faith    .   (no shield)
rNeg    . . .      Spirit   .   y - +0 leather armour {rPois}
rPois   +          Reflect  .   c - +0 hat
rElec   .          Harm     .   (no cloak)
rCorr   .          Rampage  .   (no gloves)
Will    .....                   f - +0 pair of boots
Stlth   ++........              u - amulet of regeneration
HPRegen 0.98/turn               q - +6 ring of dexterity
MPRegen 0.26/turn               i - ring of wizardry

@: lethally poisoned (-1 -> -2), on blink cooldown
A: horns 1, large bone plates 1, magic regeneration
a: no special abilities


You were on level 5 of the Dungeon.
You visited 1 branch of the dungeon, and saw 5 of its levels.

You collected 201 gold pieces.

Inventory:

Hand Weapons
 a - a +0 dagger
 g - a +0 spear
 t - a +1 dagger of flaming (weapon)
Missiles
 s - a throwing net
 A - 2 poisoned darts
Armour
 b - a +0 robe
 c - a +0 hat (worn)
 f - a +0 pair of boots (worn)
 h - a +1 ring mail of fire resistance
 y - a +0 leather armour of poison resistance (worn)
Magical Staves
 w - a staff of earth
 D - a staff of earth
Jewellery
 i - a ring of wizardry (right hand)
 q - a +6 ring of dexterity (left hand)
 u - an amulet of regeneration (around neck)
 z - an amulet of faith
Wands
 B - a wand of mindburst (11)
Scrolls
 e - a scroll of magic mapping {unknown}
 m - a scroll of teleportation {unknown}
 p - a scroll of noise {unknown}
 v - a scroll of vulnerability {unknown}
 C - a scroll of blinking {unknown}
Potions
 d - a potion of magic
 j - 2 potions of curing {unknown}
 k - 2 potions of haste {unknown}
 l - 6 potions of brilliance
 o - a potion of flight {unknown}
 r - a potion of heal wounds {unknown}
 x - a potion of invisibility {unknown}


   Skills:
 * Level 4.1 Fighting
 + Level 2.2 Armour
 + Level 3.2 Dodging
 - Level 1.8 Stealth
 + Level 4.2 Spellcasting
 + Level 3.2 Conjurations
 + Level 3.0 Summonings
 + Level 2.7 Translocations


You had 9 spell levels left.
You knew the following spells:

 Your Spells              Type           Power      Damage    Failure   Level
a - Magic Dart            Conj           60%        1d6       1%          1
b - Call Imp              Summ           14%        N/A       3%          2
c - Blink                 Tloc           26%        N/A       4%          2

Your spell library contained the following spells:

 Spells                   Type           Power      Damage    Failure   Level
 Slow                     Hex            12%        N/A       8%          1
 Conjure Flame            Conj/Fire      9%         6-21      12%         3
 Mephitic Cloud           Conj/Pois/Air  7%         N/A       16%         3


Dungeon Overview and Level Annotations

Branches:
Dungeon (5/15)
 Temple: D:4-7

Altars:

Annotations:
D:5 Blork the orc


Innate Abilities, Weirdness & Mutations

You have a pair of small horns on your head.
You are partially covered in large bone plates. (SH +4)
You regenerate magic rapidly.


Message History

Blork the orc gestures at you while chanting.
The puff of frost hits you.
You barely miss Blork the orc.
Blork the orc is moderately wounded.
Blork the orc hits you with a +3 battleaxe of venom!
Blork the orc hits your iron imp with a +3 battleaxe of venom.
Your iron imp hits Blork the orc!
Blork the orc miscasts a cantrip.
You closely miss Blork the orc. Your headbutt misses Blork the orc.
Blork the orc is severely wounded.
Blork the orc barely misses you.
Blork the orc hits your iron imp with a +3 battleaxe of venom.
Your iron imp hits Blork the orc!
You hit Blork the orc but do no damage. You headbutt Blork the orc.
Blork the orc is almost dead.
Blork the orc points at you and mumbles some strange words.
The puff of flame hits you.
Your iron imp hits Blork the orc but does no damage.
Blork the orc hits your iron imp with a +3 battleaxe of venom!
Your iron imp dies!
Your iron imp disappears in a puff of smoke!
Blork the orc closely misses you.
You barely miss Blork the orc.
Blork the orc shouts!
Blork the orc is almost dead.
Blork the orc misses you.
You barely miss Blork the orc.
Blork the orc is almost dead.
Blork the orc hits you with a +3 battleaxe of venom!
* * * LOW HITPOINT WARNING * * *
You are poisoned.
Blork the orc closely misses you.
Casting: Call Imp (safe; 3% risk of failure)
Confirm with . or Enter, or press ? or * to list all spells.
You blink.
* * * LOW HITPOINT WARNING * * *
You feel very sick. Blork the orc casts a spell at you.
The magic dart hits you.
You die...

#.# #.# #.#..#.# .... #.###.#
#.#..#.#.############ #.....#
#.#..#.#............( #.....#
#.#..#.#.....)..#....
#.....###.#....#.#####.##....
#.....o§..#.####.##....##....
................................
####........†..#######.#........
#######.....@................
.........................
...#......................
...#...................... ..
#......................
#......................
#......................
#......................
#......................


You could see Blork the orc (fast).

Vanquished Creatures
  Menkaure (D:4)
  An ogre (D:5)
  A scorpion (D:5)
  A necrophage (D:5)
  A howler monkey (D:4)
  Natasha (D:4)
  5 gnolls
  5 adders
  An ufetubus (D:4)
  2 worms
  A dart slug (D:3)
  2 orcs
  6 bats
  10 endoplasms
  3 giant cockroaches (D:1)
  14 goblins
  8 hobgoblins
  6 kobolds
  5 quokkas
  7 ball pythons
  4 frilled lizards (D:1)
  2 rats
87 creatures vanquished.

Vanquished Creatures (collateral kills)
  A necrophage (D:4)
  2 gnoll boudas
  Natasha (twice) (D:4)
  An iguana (D:4)
  8 gnolls
  2 adders
  2 worms (D:2)
  An endoplasm (D:4)
  A goblin (D:3)
  A rat (D:3)
21 creatures vanquished.

Vanquished Creatures (others)
  2 plants (D:1)
2 creatures vanquished.

Grand Total: 110 creatures vanquished

Notes
Turn   | Place    | Note
-------+----------+-------------------------------------------
     0 | D:1      | javelincjr the Demonspawn Hedge Wizard began the quest for
                  | the Orb.
     0 | D:1      | Reached XP level 1. HP: 13/13 MP: 4/4
   222 | D:1      | Reached skill level 1 in Translocations
   431 | D:1      | Gained mutation: You regenerate magic rapidly. [demonic
                  | ancestry]
   431 | D:1      | Reached XP level 2. HP: 19/19 MP: 0/6
   799 | D:1      | Reached skill level 1 in Fighting
  1004 | D:1      | Reached XP level 3. HP: 26/26 MP: 4/7
  1398 | D:1      | Learned a level 2 spell: Call Imp
  1401 | D:1      | Learned a level 2 spell: Blink
  1951 | D:2      | Reached XP level 4. HP: 17/32 MP: 4/8
  4011 | D:4      | Noticed Natasha
  4030 | D:4      | Killed Natasha
  4031 | D:4      | Reached XP level 5. HP: 4/38 MP: 4/10
  4367 | D:4      | Noticed Natasha
  4384 | D:4      | Killed Natasha
  4385 | D:4      | Reached skill level 1 in Armour
  4511 | D:4      | Noticed Natasha
  4531 | D:4      | Killed Natasha
  4611 | D:4      | Gained mutation: You are partially covered in large bone
                  | plates. (SH +4) [demonic ancestry]
  4611 | D:4      | Reached XP level 6. HP: 46/46 MP: 11/11
  5021 | D:4      | Noticed Menkaure
  5047 | D:4      | Killed Menkaure
  5048 | D:4      | Gained mutation: You have a pair of small horns on your
                  | head. [demonic ancestry]
  5048 | D:4      | Reached XP level 7. HP: 11/52 MP: 10/13
  5302 | D:5      | Entered Level 5 of the Dungeon
  5712 | D:5      | Noticed Blork the orc
  5752 | D:5      | Killed from afar by Blork the orc

Illustrated notes

Levels and vault maps discovered:
D:1:      scummos_arrival_gate, layout_basic, serial_bayou_crossing
D:2:      layout_basic
D:3:      layout_loops_ring
D:4:      minmay_door_path, layout_loops_cross, uniq_menkaure, uniq_natasha
D:5:      layout_basic, uniq_eustachio, uniq_duvessa, uniq_blork_the_orc

Skill      XL: |  1  2  3  4  5  6  7 |
---------------+----------------------+-----
Translocations | 1 2 |  2.7
Dodging        | 2 3 |  3.2
Fighting       | 1 2 3 4 |  4.1
Conjurations   | 2 3 |  3.2
Armour         | 1 2 |  2.2
Summonings     | 2 3 |  3.0
Spellcasting   | 4 |  4.2
Stealth        | |  1.8

Action                   |  1- 3 |  4- 6 |  7- 9 || total
-------------------------+-------+-------+-------++-------
Melee: Spear             |    35 |    38 |       ||    73
       Dagger            |     1 |    58 |    61 ||   120
       Punch             |     1 |     1 |       ||     2
       Headbutt          |       |       |    15 ||    15
 Cast: Magic Dart        |    86 |   114 |    30 ||   230
       Call Imp          |     3 |    19 |    13 ||    35
       Blink             |       |     1 |     1 ||     2
  Use: Scroll            |       |       |     2 ||     2
 Stab: Distracted        |       |     1 |       ||     1
       Sleeping          |       |     1 |       ||     1
Armor: Robe              |    13 |    10 |       ||    23
       Leather armour    |       |     1 |     7 ||     8
Dodge: Dodged            |    36 |    66 |    36 ||   138
Block: Other             |       |     7 |    12 ||    19
